Map: Jagannatha LE

Players

Rail

  • Race: Protoss Protoss

Vanya - Winner!

  • Race: Zerg Zerg

Event: DreamHack SC2 Masters 2021 Winter

VOD

Have the link to the VOD?

Description

Time

  • Played on: Oct. 10, 2021, 2:42 p.m.
  • Length: 6:21

All games in this series

Show
View Real Time Build Order
Export as new Build Order

Rail Protoss 

Build Orders: 1 Gate Expand, Blink Stalkers 

Get SALT Encoding   

  12  0:01  Probe  
  13  0:13  Probe  
  14  0:19  Pylon  
  14  0:25  Probe (Chrono Boost)  
  15  0:38  Probe (Chrono Boost)  
  15  0:39  Gateway  
  16  0:46  Probe (Chrono Boost)  
  16  0:47  Assimilator  
  17  0:52  Probe  
  18  1:04  Probe  
  19  1:16  Probe  
  20  1:24  Nexus  
  20  1:32  Cybernetics Core  
  20  1:36  Probe  
  21  1:41  Assimilator  
  21  1:48  Probe  
  21  1:50  Pylon  
  22  2:00  Probe (Chrono Boost)  
  23  2:08  Stalker  
  23  2:09  Warp Gate  
  23  2:12  Probe (Chrono Boost)  
  26  2:17  Probe (Chrono Boost)  
  26  2:22  Twilight Council  
  27  2:27  Probe (Chrono Boost)  
  28  2:36  Probe (Chrono Boost)  
  29  2:38  Adept  
  29  2:39  Probe (Chrono Boost)  
  32  2:46  Probe (Chrono Boost)  
  32  2:47  Probe (Chrono Boost)  
  34  2:51  Probe (Chrono Boost)  
  34  2:53  Probe (Chrono Boost)  
  34  2:57  Gateway  
  36  2:59  Blink (Chrono Boost)  
  36  3:04  Probe  
  37  3:07  Probe (Chrono Boost)  
  38  3:13  Robotics Facility  
  38  3:16  Probe (Chrono Boost)  
  40  3:24  Probe (Chrono Boost), Pylon  
  40  3:26  Probe (Chrono Boost)  
  41  3:31  Probe (Chrono Boost)  
  41  3:32  Gateway, Probe  
  43  3:36  Assimilator  
  43  3:43  Gateway  
  43  3:45  Probe  
  44  3:48  Probe  
  44  3:52  Gateway  
  45  3:57  Probe  
  45  3:58  Warp Prism (Chrono Boost)  
  49  4:06  Gateway  
  49  4:09  Stalker  
  51  4:11  Stalker  
  51  4:15  Gateway  
  52  4:17  Pylon  
  52  4:25  Pylon  
  52  4:27  Observer  
  53  4:32  Pylon  
  53  4:39  Stalker  
  53  4:40  Stalker  
  53  4:42  Stalker  
  59  4:46  Pylon  
  59  4:48  Stalker  
  61  4:53  Gateway  
  61  5:00  Stalker  
  61  5:02  Stalker  
  61  5:03  Stalker  
  61  5:06  Stalker  
  69  5:11  Stalker  
  69  5:13  Stalker  
  73  5:24  Pylon  
  73  5:25  Pylon  
  67  5:35  Stalker x2  
  67  5:36  Stalker x2  
  55  5:56  Stalker x2  
  55  5:57  Stalker  
  61  5:59  Stalker  
  61  6:00  Stalker x2  
  67  6:05  Stalker  
Show
View Real Time Build Order
Export as new Build Order

Vanya Zerg - Winner!

Build Orders: Hatch First 

Get SALT Encoding   

  12  0:00  Drone  
  13  0:12  Overlord  
  13  0:17  Drone  
  14  0:30  Drone x2  
  16  0:48  Hatchery  
  15  0:51  Drone  
  15  0:55  Drone  
  17  0:57  Drone  
  18  1:09  Extractor  
  17  1:13  Spawning Pool  
  17  1:16  Drone  
  17  1:20  Drone  
  18  1:29  Drone  
  19  1:38  Drone  
  20  1:49  Overlord  
  20  2:00  Queen x2  
  24  2:01  Zergling x2  
  24  2:03  Drone  
  26  2:10  Drone x2  
  26  2:11  Metabolic Boost  
  28  2:21  Drone x2  
  30  2:34  Drone  
  30  2:35  Hatchery  
  30  2:39  Drone  
  31  2:45  Queen  
  31  2:50  Overlord  
  34  2:51  Drone  
  34  2:54  Drone  
  34  2:55  Drone  
  36  3:09  Drone x2, Queen  
  36  3:11  Overlord  
  40  3:15  Drone x2  
  40  3:18  Drone x2  
  44  3:29  Queen  
  44  3:30  Drone x2  
  48  3:37  Overlord  
  48  3:39  Overlord  
  48  3:47  Zergling x4  
  50  3:52  Drone x4  
  50  3:54  Drone  
  55  3:56  Roach Warren  
  55  3:59  Drone x4  
  58  4:08  Extractor  
  58  4:09  Drone x2  
  59  4:10  Extractor  
  58  4:17  Overlord  
  58  4:21  Spore Crawler  
  57  4:26  Overlord  
  57  4:30  Overlord x2  
  57  4:34  Zergling x14  
  64  4:41  Overlord  
  64  4:43  Roach x3  
  70  4:48  Overlord  
  70  4:49  Roach  
  72  4:53  Roach x4  
  72  4:56  Zergling x2  
  81  5:00  Zergling x6  
  81  5:04  Zergling x2  
  81  5:05  Ravager x3  
  88  5:08  Zergling x4  
  88  5:11  Zergling x2  
  88  5:12  Zergling x6  
  94  5:15  Ravager x2  
  94  5:20  Zergling x10  
  98  5:24  Ravager  
  96  5:33  Zergling x12  
  96  5:38  Zergling x2  
  87  5:43  Zergling x6  
  87  5:46  Zergling x4  
  87  5:49  Evolution Chamber  
  89  5:50  Zergling x2  
  89  5:55  Zergling x8  
  93  5:58  Ravager x2  
  93  6:00  Hatchery  
  93  6:01  Zergling x8  

Tags
 
Add a new tag
Caveats
  • Supply blocks, unpowered buildings, or Contaminate may cause inaccurate times.
  • Supply counts are checked every 10 seconds.